 Dungeon Sprint DCSS version 0.29-a0-337-g68df138881 (webtiles) character file.

Game seed: 9702774117975067149

27075 mhtbhm the Bludgeoner (level 13, -1/148 HPs)
             Began as a Troll Berserker on Apr 16, 2022.
             Was the Champion of Trog.
             Slain by Agnes
             ... wielding a +4 lajatang of pain
              (3 damage)
             ... in the Dungeon (Sprint IX: "|||||||||||||||||||||||||||||").
             The game lasted 00:07:54 (2970 turns).

mhtbhm the Bludgeoner (Troll Berserker)             Turns: 2970, Time: 00:07:55

Health: -1/148     AC: 11    Str: 37      XL:     13   Next: 2%
Magic:  12/12      EV: 13    Int:  1 (3)  God:    Trog [******]
Gold:   525        SH:  0    Dex:  9      Spells: 12/12 levels left

rFire   . . .      SeeInvis .   a - +4 giant spiked club "Ysemn" {vorpal, Str+5}
rCold   . . .      Faith    .   (shield currently unavailable)
rNeg    . . .      Spirit   .   b - +0 troll leather armour
rPois   +          Reflect  .   (helmet restricted)
rElec   .          Harm     .   u - +1 cloak
rCorr   .          Rampage  .   (gloves unavailable)
Will    .....      NoTele   +   (boots unavailable)
Stlth   +.........              (no amulet)
HPRegen 1.94/turn               F - ring of poison resistance
MPRegen 0.13/turn               m - +2 ring of protection

@: no status effects
A: large, unfitting armour, claws 3, regeneration 1, shaggy fur 1, tough skin 1
a: Renounce Religion, Berserk, Trog's Hand, Brothers in Arms


You were in the Dungeon.
You worshipped Trog.
Trog was exalted by your worship.
You visited 1 branch You collected 1925 gold pieces.
You spent 1400 gold pieces at shops.

Inventory:

Hand Weapons
 a - the +4 giant spiked club "Ysemn" (weapon) {vorpal, Str+5}
   (Trog gifted it to you in the Dungeon)

   It inflicts extra damage upon your enemies.
   Str:       It affects your strength (+5).
 k - a +1 great mace of holy wrath
 G - the +3 morningstar of Fatigue {flame, Dex+2}
   (You found it in the Dungeon)

   It burns those it strikes, dealing additional fire damage.
   Dex:       It affects your dexterity (+2).
Missiles
 n - 15 large rocks (quivered)
 B - 6 javelins
Armour
 b - a +0 troll leather armour (worn)
 u - a +1 cloak (worn)
 y - a +2 robe of fire resistance
Jewellery
 m - a +2 ring of protection (right claw)
 C - a ring of ice
 D - a ring of ice
 E - a ring of fire
 F - a ring of poison resistance (left claw)
Wands
 j - a wand of acid (5)
 A - a wand of iceblast (10)
Scrolls
 q - 2 scrolls of immolation
 r - 4 scrolls of enchant weapon
 s - 5 scrolls of fog
 t - 4 scrolls of enchant armour
 x - 2 scrolls of identify
Potions
 c - 7 potions of curing
 d - 8 potions of heal wounds
 e - 3 potions of haste
 f - 4 potions of magic
 g - 3 potions of berserk rage
 i - 2 potions of invisibility
 o - a potion of might
 p - 3 potions of mutation
 v - 2 potions of resistance
 w - a potion of cancellation
 z - a potion of ambrosia


   Skills:
 + Level 14.6 Fighting
 + Level 20.7 Maces & Flails
 * Level 12.1 Throwing
 + Level 5.4 Armour
 + Level 12.7 Dodging
 + Level 1.8 Evocations


You had 12 spell levels left.
You didn't know any spells.
Your spell library was empty.

Dungeon Overview and Level Annotations

Branches:
Dungeon (1/1)

Altars:
Cheibriados
Dithmenos
Elyvilon
Fedhas
Gozag
Hepliaklqana
Kikubaaqudgha
Makhleb
Nemelex Xobeh
Okawaru
Qazlal
Ru
Sif Muna
Trog
Uskayaw
Vehumet
Wu Jian
Xom
Yredelemnul
Zin
The Shining One
Beogh
Jiyva
Lugonu

Shops:
D *![!

Annotations:
D Agnes


Innate Abilities, Weirdness & Mutations

You are too large for most types of armour.
You have claws for hands.
Your natural rate of healing is unusually fast.
You are covered in fur. (AC +1)
You have tough skin. (AC +1)


Message History

n - 14 large rocks (gained 1)
n - 15 large rocks (gained 1) Agnes the Wanderer comes into view.
She is wielding a +4 lajatang of pain.
Agnes shouts!
You see here a large rock.
Agnes closely misses you.
Agnes hits you with a +4 lajatang of pain!
You writhe in agony.
You flatten Agnes like a pancake!!!
Agnes is moderately wounded.
You hear a shout! x2; You hear a roar!
Agnes hits you with a +4 lajatang of pain!!
You writhe in agony.
You hear a roar!
You hear a shout!
You bludgeon Agnes!!
Agnes is severely wounded.
You hear a hideous shriek!
Agnes hits you with a +4 lajatang of pain!
You writhe in agony.
Agnes hits you with a +4 lajatang of pain.
You writhe in agony.
You hear a roar!
You're still recovering from your berserk rage.
You closely miss Agnes.
Agnes is severely wounded.
You hear a hideous shriek!
Agnes hits you with a +4 lajatang of pain.
You writhe in agony.
You barely miss Agnes.
Agnes is severely wounded.
Agnes hits you with a +4 lajatang of pain!!
* * * LOW HITPOINT WARNING * * *
You hear a shout!
You barely miss Agnes.
Agnes is severely wounded.
You recover from your berserk rage.
Agnes hits you with a +4 lajatang of pain!!
* * * LOW HITPOINT WARNING * * *
You writhe in agony.
You die...

▓)▓.▓.▓.▓.▓.▓.▓
▓.▓.▓.▓.▓.▓.▓.▓.▓
▓.▓.▓.▓.▓[▓.▓.▓.▓
▓.▓.▓)▓.▓'▓.▓.▓.▓
▓.▓.▓.▓.▓)▓.▓.▓.▓
▓.▓.▓.▓.▓)▓)▓)▓.♣
▓'▓.▓.▓.▓)▓.▓)▓.♣
▓_▓.▓.▓.▓)▓.▓)▓i♣
▓_▓.▓.▓.▓)▓.▓)▓@♣
▓_▓.▓.▓.▓)▓.▓)▓.♣
▓_▓.▓.▓.▓.▓.▓)▓(♣
▓_▓.▓†▓.▓.▓.▓.▓.♣
▓_▓.▓)▓.▓.▓.▓)▓.♣
▓_▓.▓†▓)▓.▓.▓.▓.♣
▓_▓.▓.▓.▓.▓.▓[▓.♣
▓_▓.▓.▓.▓.▓.▓=▓.▓
▓_▓.▓.▓)▓.▓.▓[▓)▓


You could see Agnes.

Vanquished Creatures
  Frances (D)
  2 frost giants (D)
  Aizul (D)
  2 stone giants (D)
  Azrael (D)
  A spark wasp (D)
  An ettin (D)
  2 ogre magi (D)
  A hydra (D)
  Erolcha (D)
  2 centaur warriors (D)
  A deep troll shaman (D)
  An orc high priest (D)
  2 tengu warriors (D)
  Urug (D)
  An iron troll (D)
  A death drake (shapeshifter) (D)
  4 deep trolls (D)
  4 orc knights (D)
  2 cyclopes (D)
  A black mamba (D)
  A komodo dragon (D)
  2 cane toads (D)
  A freezing wraith (D)
  A tengu conjurer (D)
  3 trolls (D)
  A polar bear (D)
  A slime creature (D)
  2 blink frogs (D)
  2 wyverns (D)
  3 yaks (D)
  A fire elemental (D)
  A steam dragon (D)
  A warg (D)
  3 water moccasins (D)
  A floating eye (D)
  4 hell hounds (D)
  An orc warrior (D)
  2 centaurs (D)
  7 wolves (D)
  3 bullfrogs (D)
  A wight (D)
  2 killer bees (D)
  2 hounds (D)
  2 orc priests (D)
  6 orc wizards (D)
  7 orcs (D)
  A ball python (D)
  2 endoplasms (D)
  A goblin (D)
  A frilled lizard (D)
99 creatures vanquished.

Vanquished Creatures (collateral kills)
  An iron troll (D)
  A meliai (D)
  A troll (D)
  A slime creature (D)
  5 orc warriors (D)
  2 orcs (D)
11 creatures vanquished.

Grand Total: 110 creatures vanquished

Notes
Turn   | Place    | Note
-------+----------+-------------------------------------------
     0 | D        | mhtbhm the Troll Berserker began the quest for the Orb.
     0 | D        | Reached XP level 1. HP: 22/22 MP: 0/0
     8 | D        | Reached skill level 3 in Maces & Flails
    11 | D        | Reached ** piety under Trog
    18 | D        | Banished a spatial maelstrom
    53 | D        | Noticed a hound
    53 | D        | Noticed a hound
    59 | D        | Killed a hound
    60 | D        | Reached skill level 4 in Maces & Flails
    60 | D        | Reached XP level 2. HP: 32/32 MP: 1/1
    60 | D        | Reached XP level 3. HP: 39/39 MP: 2/2
    70 | D        | Reached *** piety under Trog
    71 | D        | Reached skill level 5 in Maces & Flails
    71 | D        | Reached XP level 4. HP: 38/49 MP: 3/3
   116 | D        | Found a snail-covered altar of Cheibriados.
   116 | D        | Found a shadowy altar of Dithmenos.
   116 | D        | Found a white marble altar of Elyvilon.
   116 | D        | Found a blossoming altar of Fedhas.
   116 | D        | Found an opulent altar of Gozag.
   117 | D        | Found a hazy altar of Hepliaklqana.
   118 | D        | Found a viscous altar of Jiyva.
   119 | D        | Found an ancient bone altar of Kikubaaqudgha.
   120 | D        | Found a corrupted altar of Lugonu.
   121 | D        | Found a burning altar of Makhleb.
   122 | D        | Found a sparkling altar of Nemelex Xobeh.
   123 | D        | Found an iron altar of Okawaru.
   124 | D        | Found a stormy altar of Qazlal.
   125 | D        | Found a sacrificial altar of Ru.
   126 | D        | Found a shimmering blue altar of Sif Muna.
   127 | D        | Found a bloodstained altar of Trog.
   128 | D        | Found a hide-covered altar of Uskayaw.
   129 | D        | Found a radiant altar of Vehumet.
   130 | D        | Found an ornate altar of the Wu Jian Council.
   131 | D        | Found a shimmering altar of Xom.
   132 | D        | Found a basalt altar of Yredelemnul.
   133 | D        | Found a glowing silver altar of Zin.
   134 | D        | Found a glowing golden altar of the Shining One.
   169 | D        | Noticed a wyvern
   169 | D        | Noticed a steam dragon
   169 | D        | Noticed a centaur
   173 | D        | Killed a wyvern
   174 | D        | Reached skill level 7 in Maces & Flails
   174 | D        | Reached skill level 5 in Dodging
   174 | D        | Reached XP level 5. HP: 59/59 MP: 4/4
   176 | D        | Reached **** piety under Trog
   177 | D        | Reached XP level 6. HP: 68/68 MP: 5/5
   180 | D        | Killed a steam dragon
   181 | D        | Reached skill level 8 in Maces & Flails
   191 | D        | Reached skill level 9 in Maces & Flails
   194 | D        | Reached ***** piety under Trog
   195 | D        | Reached XP level 7. HP: 47/79 MP: 6/6
   252 | D        | Noticed a cyclops
   252 | D        | Noticed a centaur warrior
   252 | D        | Noticed a cyclops
   252 | D        | Noticed a centaur warrior
   252 | D        | Noticed a slime creature
   256 | D        | Killed a cyclops
   257 | D        | Reached skill level 10 in Maces & Flails
   261 | D        | Killed a centaur warrior
   262 | D        | Reached skill level 12 in Maces & Flails
   262 | D        | Reached XP level 8. HP: 92/92 MP: 7/7
   267 | D        | Killed a cyclops
   268 | D        | Reached XP level 9. HP: 59/100 MP: 8/8
   273 | D        | Killed a centaur warrior
   274 | D        | Reached skill level 10 in Fighting
   274 | D        | Reached skill level 13 in Maces & Flails
   278 | D        | Reached skill level 14 in Maces & Flails
   467 | D        | Noticed a cane toad
   467 | D        | Noticed a black mamba
   474 | D        | Killed a cane toad
   475 | D        | Reached skill level 1 in Throwing
   475 | D        | Noticed a cane toad
   480 | D        | Killed a black mamba
   481 | D        | Reached ****** piety under Trog
   482 | D        | Noticed a komodo dragon
   488 | D        | Killed a cane toad
   489 | D        | Reached skill level 10 in Dodging
   489 | D        | Reached XP level 10. HP: 61/111 MP: 9/9
   493 | D        | Reached skill level 15 in Maces & Flails
   494 | D        | Received a gift from Trog
   610 | D        | Received a gift from Trog
   611 | D        | Reached skill level 5 in Throwing
   689 | D        | Reached skill level 16 in Maces & Flails
   697 | D        | Received a gift from Trog
   860 | D        | Noticed an orc knight
   879 | D        | Killed an orc knight
   886 | D        | Received a gift from Trog
   910 | D        | Identified the +4 giant spiked club "Ysemn" {vorpal, Str+5}
                  | (Trog gifted it to you in the Dungeon)
   910 | D        | Received a gift from Trog
  1115 | D        | Noticed an orc knight
  1115 | D        | Noticed an orc knight
  1122 | D        | Killed an orc knight
  1132 | D        | Killed an orc knight
  1133 | D        | Reached XP level 11. HP: 83/123 MP: 10/10
  1144 | D        | Reached skill level 17 in Maces & Flails
  1147 | D        | Noticed an orc high priest
  1152 | D        | Noticed an orc knight
  1211 | D        | Killed an orc high priest
  1211 | D        | Received a gift from Trog
  1240 | D        | Killed an orc knight
  1241 | D        | Reached skill level 1 in Evocations
  1496 | D        | Found Guir's General Store.
  1496 | D        | Noticed an ogre mage
  1496 | D        | Noticed an ogre mage
  1496 | D        | Noticed a deep troll
  1499 | D        | Killed an ogre mage
  1502 | D        | Noticed a deep troll
  1504 | D        | Found Peet's Distillery.
  1506 | D        | Killed an ogre mage
  1506 | D        | Received a gift from Trog
  1506 | D        | Noticed an iron troll
  1509 | D        | Killed a deep troll
  1510 | D        | Reached skill level 18 in Maces & Flails
  1519 | D        | Killed a deep troll
  1523 | D        | Killed an iron troll
  1631 | D        | Found Dumomu's Armour Emporium.
  1635 | D        | Found Josh's Distillery.
  1637 | D        | Noticed an iron troll
  1638 | D        | Noticed a deep troll
  1640 | D        | Noticed a stone giant
  1641 | D        | Noticed a deep troll
  1645 | D        | Killed an iron troll
  1645 | D        | Received a gift from Trog
  1647 | D        | Killed a deep troll
  1652 | D        | Killed a stone giant
  1653 | D        | Killed a deep troll
  1654 | D        | Reached skill level 19 in Maces & Flails
  1659 | D        | Reached XP level 12. HP: 87/136 MP: 11/11
  1711 | D        | Bought a scroll of fog for 26 gold pieces
  1719 | D        | Bought a potion of heal wounds for 65 gold pieces
  1719 | D        | Bought a potion of resistance for 130 gold pieces
  1719 | D        | Bought a potion of haste for 130 gold pieces
  1719 | D        | Bought a potion of curing for 39 gold pieces
  1719 | D        | Bought a potion of curing for 39 gold pieces
  1719 | D        | Bought 2 potions of berserk rage for 130 gold pieces
  1719 | D        | Bought a potion of invisibility for 104 gold pieces
  1723 | D        | Bought a potion of cancellation for 104 gold pieces
  1729 | D        | Bought a scroll of identify for 26 gold pieces
  1731 | D        | Bought a potion of heal wounds for 50 gold pieces
  1731 | D        | Bought a potion of heal wounds for 50 gold pieces
  1731 | D        | Bought a potion of mutation for 80 gold pieces
  1731 | D        | Bought a potion of ambrosia for 80 gold pieces
  1731 | D        | Bought a potion of haste for 100 gold pieces
  1733 | D        | Bought a +2 robe of fire resistance for 247 gold pieces
  1761 | D        | Noticed Erolcha
  1765 | D        | Killed Erolcha
  1765 | D        | Received a gift from Trog
  1766 | D        | Reached skill level 1 in Armour
  1803 | D        | Noticed Urug
  1813 | D        | Killed Urug
  1899 | D        | Got the +3 morningstar of Fatigue {flame, Dex+2}
  2011 | D        | Noticed a six-headed hydra
  2011 | D        | Noticed a tengu warrior
  2015 | D        | Killed a six-headed hydra
  2022 | D        | Killed a tengu warrior
  2023 | D        | Noticed a frost giant
  2026 | D        | Reached skill level 10 in Throwing
  2026 | D        | Noticed a stone giant
  2142 | D        | Killed a frost giant
  2150 | D        | Killed a stone giant
  2339 | D        | Received a gift from Trog
  2421 | D        | Noticed a tengu warrior
  2426 | D        | Killed a tengu warrior
  2472 | D        | Noticed an ettin
  2475 | D        | Noticed a frost giant
  2479 | D        | Killed an ettin
  2480 | D        | Reached skill level 20 in Maces & Flails
  2484 | D        | Killed a frost giant
  2557 | D        | Noticed a spark wasp
  2563 | D        | Killed a spark wasp
  2616 | D        | Noticed a deep troll shaman
  2619 | D        | Killed a deep troll shaman
  2620 | D        | Reached skill level 5 in Armour
  2657 | D        | Noticed Azrael
  2663 | D        | Killed Azrael
  2663 | D        | Received a gift from Trog
  2713 | D        | Noticed Aizul
  2733 | D        | Killed Aizul
  2907 | D        | Noticed Frances
  2913 | D        | Lost intelligence.
  2917 | D        | Killed Frances
  2918 | D        | Reached XP level 13. HP: 148/148 MP: 12/12
  2963 | D        | Noticed Agnes
  2970 | D        | HP: 2/148 [Agnes/+4 lajatang of pain (30)]
  2970 | D        | Slain by Agnes

Illustrated notes

Levels and vault maps discovered:
D:        linesprint [early_d, line_temple, items_1, d_10, items_2, lair_1,
          lair_end, items_3, orc_1, orc_end, items_4, d_15, swamp_1, shoals_1,
          snake_1, spider_1, d_20, vaults_1, items_5, swamp_end, shoals_end,
          snake_end, spider_end, vaults_end, d_27, items_6, zot_1, zot_end,
          crypt_end, forest_end, elf_end, slime_end, tomb_end, abyss_end,
          pan_hell_end]

Skill      XL: |  1  2  3  4  5  6  7  8  9 10 11 12 |
---------------+-------------------------------------+-----
Maces & Flails | 4 5 7 9 12 14 16 19 20 | 20.7
Fighting       | 3 4 6 7 9 10 12 13 14 | 14.6
Dodging        | 3 4 5 6 7 8 9 10 11 12 | 12.7
Throwing       | 3 6 9 12 | 12.1
Evocations     | 1 |  1.8
Armour         | 5 |  5.4

Action                   |  1- 3 |  4- 6 |  7- 9 | 10-12 | 13-15 || total
-------------------------+-------+-------+-------+-------+-------++-------
Melee: Mace              |    24 |     3 |       |       |       ||    27
       Morningstar       |       |    23 |    39 |    72 |       ||   134
       Punch             |       |       |     2 |     1 |       ||     3
       Giant club        |       |       |       |    44 |       ||    44
       Giant spiked club |       |       |       |   112 |     5 ||   117
Throw: Large rock        |       |       |       |    35 |       ||    35
Invok: Berserk           |     2 |     1 |     2 |    14 |       ||    19
       Brothers in Arms  |       |       |       |     5 |       ||     5
Evoke: Wand              |       |       |       |     5 |       ||     5
  Use: Potion            |       |       |       |     5 |       ||     5
       Scroll            |       |       |       |     3 |       ||     3
Armor: Animal skin       |     3 |     9 |       |       |       ||    12
       Robe              |       |       |    10 |    33 |       ||    43
       Troll leather arm |       |       |       |    19 |       ||    19
Dodge: Dodged            |     8 |    14 |    16 |   105 |     1 ||   144

Table legend: (Time is in decaauts)
 A = Elapsed time spent in this place.
 B = Non-inter-level travel time spent in this place.
 C = Inter-level travel time spent in this place.
 D = Time resting spent in this place.
 E = Time spent auto-exploring this place.
 F = Levels seen in this place.
 G = Mean time per level.
                   A        B        C        D        E       F      G
               +--------+--------+--------+--------+--------+-----+--------+
         Total |   3113 |   3113 |      0 |   1392 |    451 |   1 | 3113.0 |
       Dungeon |   3113 |   3113 |      0 |   1392 |    451 |   1 | 3113.0 |
               +--------+--------+--------+--------+--------+-----+--------+

Top non-repeatable levels by time:
       D: 3113 daAuts
